 Dungeon Crawl Stone Soup version 0.21-a0-164-g4aaa757 (webtiles) character file.

77 Manul the Chopper (level 4, -3/34 HPs)
             Began as a Mummy Gladiator on Aug 5, 2017.
             Slain by a sky beast (5 damage)
             ... on level 3 of the Dungeon.
             The game lasted 00:01:56 (2052 turns).

Manul the Chopper (Mummy Gladiator)                 Turns: 2052, Time: 00:01:57

Health: -3/34      AC:  7    Str: 17    XL:     4   Next: 13%
Magic:  4/4        EV: 10    Int:  7    God:
Gold:   149        SH:  0    Dex: 14    Spells: 3/3 levels left

rFire    x . .     SeeInvis .   a - +0 war axe
rCold    + . .     Gourm    .   (no shield)
rNeg     + + +     Faith    .   l - +0 scale mail
rPois    ∞         Spirit   .   c - +0 helmet
rElec    .         Reflect  .   (no cloak)
rCorr    .         Harm     .   (no gloves)
MR       .....                  (no boots)
Stlth    ..........             (no amulet)
HPRegen  0.11/turn              (no ring)
MPRegen  0.09/turn              (no ring)

@: no status effects
A: no food or potions, fire vulnerability, cold resistance 1, negative energy
resistance 3, torment resistance, unbreathing
a: no special abilities


You were on level 3 of the Dungeon.
You were not hungry.

You visited 1 branch of the dungeon, and saw 3 of its levels.

You collected 149 gold pieces.

Inventory:

Hand Weapons
 a - a +0 war axe (weapon)
Missiles
 d - 3 throwing nets (quivered)
Armour
 b - a +0 leather armour
 c - a +0 helmet (worn)
 l - a +0 scale mail (worn)
Jewellery
 i - an uncursed amulet of guardian spirit {unknown}
Wands
 j - a wand of polymorph (17/24)
 m - a wand of acid (14/15)
Scrolls
 e - a scroll of identify
 f - a scroll of blinking {unknown}
 g - a scroll of recharging
 h - a scroll of teleportation {unknown}


   Skills:
 + Level 2.4 Fighting
 + Level 3.3 Axes
 - Level 1.6 Throwing
 + Level 1.0 Armour
 + Level 2.7 Dodging


You had 3 spell levels left.
You didn't know any spells.

Dungeon Overview and Level Annotations

Branches:
Dungeon (3/15)

Altars:
The Shining One


Innate Abilities, Weirdness & Mutations

You do not eat or drink.
Your flesh is vulnerable to fire.
You are immune to poison.
Your flesh is cold resistant. (rC+)
You are immune to negative energy. (rN+++)
You are immune to unholy pain and torment.
You can survive without breathing.


Message History

The sky beast hits you but does no damage.
Your scale mail prevents you from hitting the sky beast.
The sky beast is almost dead.
The sky beast hits you. The sky beast shocks you.
You barely miss the sky beast.
The sky beast is almost dead.
The sky beast hits you but does no damage.
The sky beast hits you. The sky beast shocks you.
You closely miss the sky beast.
The sky beast is almost dead.
The sky beast hits you.
* * * LOW HITPOINT WARNING * * *
The sky beast shocks you.
* * * LOW HITPOINT WARNING * * *
You closely miss the sky beast.
The sky beast is almost dead.
The sky beast hits you.
* * * LOW HITPOINT WARNING * * *
The sky beast shocks you.
You die...

### #<# #.# #.#
######.# #...Y@.#
#.######
######.######.##
.................
.................
#######.###...#..
#.# .#.# ... ._.
.... .#


You could see a sky beast.

Vanquished Creatures
  3 adder zombies (D:2)
  An adder skeleton (D:2)
  2 worms (D:2)
  A dart slug (D:2)
  3 leopard geckos
  A bat (D:1)
  A giant cockroach (D:1)
  9 goblins
  5 hobgoblins
  A quokka (D:2)
  A frilled lizard (D:1)
  4 kobolds (D:1)
  A leopard gecko skeleton (D:2)
  25 rats
58 creatures vanquished.

Notes
Turn   | Place    | Note
-------+----------+-------------------------------------------
     0 | D:1      | Manul the Mummy Gladiator began the quest for the Orb.
     0 | D:1      | Reached XP level 1. HP: 16/16 MP: 1/1
   302 | D:1      | Reached XP level 2. HP: 22/22 MP: 2/2
  1045 | D:2      | Reached skill level 3 in Axes
  1045 | D:2      | Reached XP level 3. HP: 26/27 MP: 3/3
  1312 | D:2      | Found a glowing golden altar of the Shining One.
  1639 | D:2      | Reached skill level 1 in Armour
  1723 | D:2      | Reached XP level 4. HP: 30/34 MP: 4/4
  2034 | D:3      | Found a faded altar of an unknown god.
  2034 | D:3      | Noticed a sky beast
  2052 | D:3      | Slain by a sky beast

Vault maps used:
D:1:      minmay_arrival_open_corners, corner_web_ring, minmay_close_crescents
D:2:      overflow_temple_1_default, serial_undead, serial_undead_a,
          serial_undead_a, serial_undead_b, serial_undead_c, chequers_big_river,
          minmay_rat_hole
D:3:      lemuel_crystal_altar, chequers_ecumenical_altar_simple_redux,
          uniq_natasha

Skill      XL: |  1  2  3 |
---------------+----------+-----
Axes           | 3 |  3.3
Armour         | 1 |  1.0
Fighting       | |  2.4
Throwing       | |  1.6
Dodging        | |  2.7

Action                   |  1- 3 |  4- 6 || total
-------------------------+-------+-------++-------
Melee: War axe           |   143 |    29 ||   172
  Use: Scroll            |     4 |       ||     4
 Stab: Sleeping          |     1 |       ||     1
Armor: Leather armour    |    35 |       ||    35
       Scale mail        |     4 |    12 ||    16
Dodge: Dodged            |   104 |    11 ||   115
